 Dungeon Crawl Stone Soup version 0.31.0-11-ge490571c62 (webtiles) character file.

Game seed: 14440904276379179229

210 qw the Shooter (level 5, -4/26 HPs)
             Began as a Spriggan Hunter on Feb 4, 2024.
             Slain by Edmund
             ... wielding a +2 heavy flail
              (13 damage)
             ... on level 4 of the Dungeon.
             The game lasted 00:00:08 (2856 turns).

qw the Shooter (Spriggan Hunter)                    Turns: 2856, Time: 00:00:08

Health: -4/26      AC:  2    Str:  7    XL:     5   Next: 57%
Magic:  6/6        EV: 25    Int: 11    God:
Gold:   142        SH:  0    Dex: 20    Spells: 4/4 levels left

rFire   . . .        a - +0 shortbow (flame)
rCold   . . .        (shield currently unavailable)
rNeg    . . .        c - +0 robe
rPois   .            (helmet restricted)
rElec   .            h - scarf {repulsion}
rCorr   .            (gloves unavailable)
SInv    +            (boots unavailable)
Will    .....        (no amulet)
Stlth   ++           d - +5 ring of evasion
HPRegen 0.24/turn    (no ring)
MPRegen 0.10/turn

%: repel missiles
@: very quick
A: very small, no large weapons, unfitting armour, see invisible, speed 3
a: no special abilities


You were on level 4 of the Dungeon.
You visited 1 branch of the dungeon, and saw 4 of its levels.

You collected 142 gold pieces.


Innate Abilities, Weirdness & Mutations

You are very small and have problems with some larger weapons.
You are too small for most types of armour.
You have supernaturally acute eyesight. (SInv)
You cover ground extremely quickly. (Speed+++)


   Skills:
 - Level 2.0 Fighting
 + Level 5.8 Ranged Weapons
 - Level 5.0 Dodging
 - Level 1.5 Stealth


You had 4 spell levels left.
You didn't know any spells.
Your spell library was empty.

Inventory:

Hand Weapons
 a - a +0 shortbow of flaming (weapon)
Armour
 c - a +0 robe (worn)
 h - a scarf of repulsion (worn)
Jewellery
 d - a +5 ring of evasion (left hand)
Potions
 b - a potion of enlightenment
 e - a potion of resistance {unknown}
 f - a potion of curing {unknown}
 g - a potion of degeneration {unknown}

Dungeon Overview and Level Annotations

Branches:
Dungeon (4/15)
 Temple: D:4-7

Altars:
Ashenzari
Yredelemnul

Annotations:
D:4 Edmund


Message History

You shoot an arrow. The arrow completely misses the kobold.
You shoot an arrow.
The arrow hits the kobold but does no damage.
You shoot an arrow. The arrow hits the kobold.
The arrow burns the kobold.
You kill the kobold!
A dart slug comes into view.
You shoot an arrow. The arrow barely misses the dart slug.
The dart slug launches a dart at you. The slug dart misses you.
You shoot an arrow. The arrow hits the dart slug!
The arrow burns the dart slug.
You kill the dart slug!
Things that are here:
a +0 whip; 6 poisoned darts Edmund the Younger comes into view.
He is wielding a +2 heavy flail and carrying a wand of flame.
You shoot an arrow. The arrow hits Edmund.
The arrow burns Edmund.
Edmund shouts!
Edmund is lightly wounded.
Edmund zaps a wand.
The puff of flame misses you.
You shoot an arrow.
The arrow hits Edmund but does no damage.
Edmund is lightly wounded.
You shoot an arrow. The arrow closely misses Edmund.
You shoot an arrow. The arrow barely misses Edmund.
Edmund says, "I might not be good at magic, but I can still kill you!"
You shoot an arrow.
The arrow hits Edmund but does no damage.
Edmund is lightly wounded.
Edmund zaps a wand.
The puff of flame is repelled.
You shoot an arrow. The arrow hits Edmund!
The arrow burns Edmund.
Edmund is moderately wounded.
Edmund zaps a wand.
The puff of flame hits you!
You shoot an arrow. The arrow barely misses Edmund.
You shoot an arrow. The arrow closely misses Edmund.
You shoot an arrow. The arrow closely misses Edmund.
Edmund zaps a wand.
The puff of flame hits you!
You shoot an arrow. The arrow closely misses Edmund.
Edmund hits you with a +2 heavy flail!
Ouch! That really hurt!
You die...
Edmund whines, "They better pay attention to me now!"

..#######..........#
...................#
.........).........#
..................##
...........###....#
###......## ##...#
##....## #..##
#...## #..# #.@.#
#..# #.@.## #..#
#..## #..# #..# #..#
#..# #..# #..#
##..## ...# ##....#
..# ###.....# ##
.......#
##.......####.


You could see Edmund.

Vanquished Creatures
  A scorpion (D:4)
  5 gnolls
  5 adders
  2 dart slugs
  6 orcs (D:3)
  A ball python (D:3)
  2 endoplasms
  7 goblins
  5 hobgoblins
  2 jackals (D:3)
  2 quokkas
  6 bats
  3 frilled lizards (D:1)
  4 kobolds
  9 rats
60 creatures vanquished.

Notes
Turn   | Place    | Note
-------+----------+-------------------------------------------
     0 | D:1      | qw the Spriggan Hunter began the quest for the Orb.
     0 | D:1      | Reached XP level 1. HP: 10/10 MP: 2/2
     0 | D:1      | 0 ||| qw: Version: 0.3-a-160-g6735b56
     0 | D:1      | 0 ||| qw: Game counter: 5398
     0 | D:1      | 0 ||| qw: Melee chars always use a shield: true
     0 | D:1      | 0 ||| qw: God list: Okawaru
     0 | D:1      | 0 ||| qw: Allow faded altars: false
     0 | D:1      | 0 ||| qw: Do Orc after clearing Dungeon:15 true
     0 | D:1      | 0 ||| qw: Do second Lair branch before Depths: true
     0 | D:1      | 0 ||| qw: Lair rune preference: random
     0 | D:1      | 0 ||| qw: Goals: Normal
     0 | D:1      | 0 ||| PLANNING D:1-11
   123 | D:1      | Reached skill level 3 in Dodging
   159 | D:1      | Reached XP level 2. HP: 12/14 MP: 3/3
   823 | D:1      | 823 ||| UPGRADING to +5 ring of evasion.
   824 | D:1      | 824 ||| READING scroll labelled YGALYX MAOMNI.
   825 | D:1      | 825 ||| READING scroll labelled EMEBUA UKEPH.
   826 | D:1      | 826 ||| DROPPING scroll of butterflies.
   986 | D:2      | Reached XP level 3. HP: 18/18 MP: 4/4
  1297 | D:2      | Reached XP level 4. HP: 13/22 MP: 5/5
  1777 | D:2      | 1777 ||| READING scroll labelled YKLO ROIPTITH.
  1878 | D:2      | 1878 ||| READING scroll labelled OBU QISCHUPT.
  1878 | D:2      | 1878 ||| BRANDING +0 shortbow.
  2117 | D:3      | Found a broken altar of Ashenzari.
  2193 | D:3      | Reached XP level 5. HP: 26/26 MP: 6/6
  2291 | D:3      | Found a faded altar of an unknown god.
  2295 | D:3      | Found a basalt altar of Yredelemnul.
  2468 | D:3      | Found a faded altar of an unknown god.
  2649 | D:3      | 2649 ||| UPGRADING to scarf of repulsion.
  2654 | D:3      | 2654 ||| DRINKING 2 blue potions.
  2734 | D:3      | 2734 ||| Stepping randomly (stuck).
  2846 | D:4      | Noticed Edmund
  2856 | D:4      | Slain by Edmund

Levels and vault maps discovered:
D:1:      lightli_arrival_boilingwater, layout_basic, serial_park_tiny_2,
          moated_statue, feat_on_display
D:2:      minmay_alternating_diamond, layout_basic
D:3:      layout_loops_ring, nicolae_overflow_ecumenical_swirl,
          mainiacjoe_overflow_24_doors, hellmonk_ecumenical_altar_inner_sanctum,
          minivault_26, minmay_misc_feat_five
D:4:      layout_layer_cave, serial_shops, shop, uniq_edmund, uniq_natasha,
          uniq_grinder

Skill      XL: |  1  2  3  4 |
---------------+-------------+-----
Dodging        | 3 4 5 |  5.0
Ranged Weapons | 5 |  5.8
Fighting       | 2 |  2.0
Stealth        | |  1.5

Action                     |  1- 3 |  4- 6 || total
---------------------------+-------+-------++-------
   Fire: Shortbow          |    76 |    76 ||   152
    Use: Scroll            |     2 |     2 ||     4
         Potion            |       |     1 ||     1
 Armour: Robe              |     6 |     5 ||    11
  Dodge: Dodged            |    23 |    13 ||    36
         Repelled          |       |     1 ||     1

Table legend:
 A = Non-vault XP
 B = Vault XP
 C = Vault XP percentage of total XP
 D = Non-vault monster count
 E = Vault monster count
 F = Vault count percentage of total count
                 A         B        C        D         E       F
            +---------+---------+-------+---------+---------+-------
      Total |     258 |      43 |  14.3 |      55 |       5 |   8.3
            +---------+---------+-------+---------+---------+-------
        D:1 |      31 |       0 |   0.0 |      20 |       0 |   0.0
        D:2 |      25 |      43 |  63.2 |       8 |       5 |  38.5
        D:3 |     105 |       0 |   0.0 |      23 |       0 |   0.0
        D:4 |      97 |       0 |   0.0 |       4 |       0 |   0.0
            +---------+---------+-------+---------+---------+-------
